 Dungeon Crawl Stone Soup version 0.32-a0-814-g0968bab981 (webtiles) character file.

Game seed: 6378579714940102650

639 Orlauf the Slasher (level 7, -1/57 HPs)
             Began as a Demonspawn Gladiator on Mar 22, 2024.
             Was a Priest of Uskayaw.
             Slain by a black bear (4 damage)
             ... on level 5 of the Dungeon.
             The game lasted 00:05:14 (3317 turns).

Orlauf the Slasher (Demonspawn Gladiator)           Turns: 3317, Time: 00:05:14

Health: -1/57      AC: 12    Str: 17    XL:     7   Next: 26%
Magic:  6/8        EV:  7    Int:  8    God:    Uskayaw [***...]
Gold:   204        SH:  0    Dex: 14    Spells: 6/6 levels left

rFire   . . .        a - +0 long sword
rCold   . . .        (no shield)
rNeg    . . .        n - +0 chain mail
rPois   +            c - +1 helmet
rElec   .            (no cloak)
rCorr   .            (no gloves)
SInv    .            (no boots)
Will    .....        (no amulet) Stlth
                     m - ring of poison resistance
HPRegen 0.29/turn    (no ring)
MPRegen 0.11/turn

%: no passive effects
@: no status effects
A: rugged brown scales 2, spiny 1, condensation shield
a: Renounce Religion, Stomp, Line Pass


You were on level 5 of the Dungeon.
You worshipped Uskayaw.
Uskayaw was noncommittal.
You visited 2 branches of the dungeon, and saw 6 of its levels.

You collected 204 gold pieces.

Inventory:

Hand Weapons
 a - a +0 long sword (weapon)
 b - a +0 short sword
Missiles
 e - a javelin (quivered)
 g - a throwing net
 o - 2 silver javelins
Armour
 c - a +1 helmet (worn)
 n - a +0 chain mail (worn)
Jewellery
 m - a ring of poison resistance (left hand)
Wands
 d - a wand of polymorph (13)
Scrolls
 i - 3 scrolls of immolation
 j - 4 scrolls of identify
 k - a scroll of enchant armour
 l - 2 scrolls of teleportation
 r - a scroll of brand weapon
Potions
 f - a potion of mutation
 h - 2 potions of brilliance


   Skills:
 * Level 4.9 Fighting
 + Level 6.2 Long Blades
 - Level 1.7 Throwing
 + Level 0.8 Armour
 - Level 2.6 Dodging
 + Level 1.3 Invocations


You had 6 spell levels left.
You didn't know any spells.
Your spell library contained the following spells:

 Spells                   Type           Power      Damage    Failure   Level
 Magic Dart               Conj           0%         1d3       99%         1
 Searing Ray              Conj           0%         2d4       100%        2
 Sublimation of Blood     Necr           0%         N/A       100%        2
 Fulminant Prism          Conj/Alch      0%         3d5       100%        4
 Petrify                  Alch/Erth      0%         N/A       100%        4
 Irradiate                Conj/Alch      0%         3d11      100%        5


Dungeon Overview and Level Annotations

Branches:
Dungeon (5/15)             Temple (1/1) D:4

Altars:
Ashenzari
Fedhas
Gozag
Hepliaklqana
Makhleb
Nemelex Xobeh
Okawaru
Qazlal
Ru
Sif Muna
Trog
Uskayaw
Vehumet
Wu Jian
Xom
Yredelemnul

Shops:
D:1 (

Annotations:
D:4 3 runed translucent doors, ShinQuickMan's ghost, amateur HuCj


Innate Abilities, Weirdness & Mutations

You are mostly covered in rugged brown scales. (AC +2, +5% HP)
You are partially covered in sharp spines.
A meltable shield of frost defends you. (SH +0)


Message History

You are electrocuted!
* * * LOW HITPOINT WARNING * * *
The orc closely misses you.
The orc wizard hits you but does no damage.
The phantom is struck by your spines. The phantom hits you.
* * * LOW HITPOINT WARNING * * *
The black bear is struck by your spines.
The black bear barely misses you.
The black bear claws you but does no damage. x2
You slash the orc!
You kill the orc!
The orc is struck by your spines. The orc hits you but does no damage.
The orc closely misses you. The phantom closely misses you.
The black bear is struck by your spines.
The black bear closely misses you.
The black bear claws you but does no damage.
The black bear claws you.
* * * LOW HITPOINT WARNING * * *
Uskayaw will force your foes to helplessly watch your dance.
Uskayaw prepares the audience for your solo!
Press: ? - help, v - describe, . - travel
Here: an orc, wielding a +2 whip of electrocution (heavily wounded, paralysed)
The floor.
The helpless orc fails to defend itself.
You slash the orc!
You kill the orc!
The phantom is no longer paralysed.
The black bear is no longer paralysed.
The phantom is struck by your spines. The phantom hits you.
* * * LOW HITPOINT WARNING * * *
The phantom blinks!
You blink.
The helpless orc fails to defend itself.
You slash the orc!
You kill the orc!
The orc wizard is no longer paralysed.
The orc wizard points at you and mumbles some strange words.
The magic dart hits you.
* * * LOW HITPOINT WARNING * * *
The phantom closely misses you. The black bear bites you.
You die...
Your body falls in perfect tune with the rhythm.

....... ......
....... ..... . .
#.....##..# .. ...
#...##.### .## ....
#####......#..[.
#..##.#.............
#.........##§.#....
#...?.###...# ...
#.#.@W.#...#..#
#.##)h.....#.##
#..o§........#
.......o§......##
...........<.$.#
..#...........## .
#...........#
#...........#..#
#.#.........#Z.#


You could see a black bear, a phantom, an orc wizard and an orc.

Vanquished Creatures
  Grinder (D:3)
  Sigmund (D:3)
  2 jellies (D:4)
  2 hounds (D:4)
  11 adders
  A ribbon worm (D:4)
  7 orcs
  3 endoplasms (D:3)
  2 giant cockroaches
  4 goblins
  5 hobgoblins
  3 quokkas (D:1)
  3 ball pythons
  5 bats
  A frilled lizard (D:1)
  5 kobolds
  3 rats
59 creatures vanquished.

Notes
Turn   | Place    | Note
-------+----------+-------------------------------------------
     0 | D:1      | Orlauf the Demonspawn Gladiator began the quest for the
                  | Orb.
     0 | D:1      | Reached XP level 1. HP: 16/16 MP: 1/1
   265 | D:1      | Found Elocax Nafyr's Weapon Shoppe.
   304 | D:1      | Reached skill level 3 in Long Blades
   528 | D:2      | Gained mutation: A meltable shield of frost defends you.
                  | (SH +0) [demonic ancestry]
   528 | D:2      | Reached XP level 2. HP: 22/22 MP: 2/2
  1347 | D:3      | Found a faded altar of an unknown god.
  1435 | D:3      | Gained mutation: You are partially covered in rugged brown
                  | scales. (AC +1, +3% HP) [demonic ancestry]
  1435 | D:3      | Reached XP level 3. HP: 23/28 MP: 3/3
  1502 | D:3      | Noticed Grinder
  1522 | D:3      | Killed Grinder
  1523 | D:3      | Reached skill level 5 in Long Blades
  1523 | D:3      | Reached XP level 4. HP: 38/38 MP: 4/4
  1523 | D:3      | Gained mutation: You are mostly covered in rugged brown
                  | scales. (AC +2, +5% HP) [demonic ancestry]
  1523 | D:3      | Reached XP level 5. HP: 38/44 MP: 5/5
  1564 | D:3      | Gained mutation: You are partially covered in sharp spines.
                  | [demonic ancestry]
  1564 | D:3      | Reached XP level 6. HP: 50/50 MP: 6/6
  2057 | D:3      | Noticed Sigmund
  2105 | D:3      | Killed Sigmund
  2465 | D:4      | Reached skill level 6 in Long Blades
  2465 | D:4      | Found a runed translucent gate.
  2466 | D:4      | Found a runed translucent gate.
  2466 | D:4      | Found a runed translucent gate.
  2467 | D:4      | Found an opulent altar of Gozag.
  2467 | D:4      | Noticed a hornet
  2467 | D:4      | Noticed ShinQuickMan's ghost (amateur HuCj)
  2647 | D:4      | Found a staircase to the Ecumenical Temple.
  2711 | Temple   | Entered the Ecumenical Temple
  2721 | Temple   | Became a worshipper of Uskayaw the Reveller
  2773 | D:4      | Reached * piety under Uskayaw
  2774 | D:4      | Reached XP level 7. HP: 57/57 MP: 7/7
  2776 | D:4      | Reached ** piety under Uskayaw
  3098 | D:4      | Reached skill level 1 in Invocations
  3150 | D:4      | Found a burning altar of Makhleb.
  3289 | D:5      | Entered Level 5 of the Dungeon
  3315 | D:5      | Reached *** piety under Uskayaw
  3317 | D:5      | Slain by a black bear

Illustrated notes

Levels and vault maps discovered:
D:1:      reono_arrival_mine, layout_rooms, serial_shops,
          nicolae_shop_tiny_real_fake_doors, minmay_misc_feat_secret_circle
D:2:      layout_loops_corners
D:3:      layout_loops_corners, hellmonk_ecumenical_altar_blasted,
          nicolae_houndstooth_variations, uniq_grinder, uniq_sigmund
D:4:      layout_loops_ring, makhleb_heckhound_becter,
          minmay_temple_entry_enclosed_plants, ebering_ghost_gozag,
          minmay_fractal_squares_gapless_5
D:5:      layout_cave_pools, gammafunk_ghost_icy
Temple:   nicolae_temple_no_exploring_needed

Skill      XL: |  1  2  3  4  5  6  7 |
---------------+----------------------+-----
Long Blades    | 3 5 6 |  6.2
Fighting       | 3 4 |  4.9
Invocations    | 1 |  1.3
Throwing       | |  1.7
Armour         | |  0.8
Dodging        | |  2.6

Action                     |  1- 3 |  4- 6 |  7- 9 || total
---------------------------+-------+-------+-------++-------
  Melee: Long sword        |    76 |    53 |    39 ||   168
         Unarmed           |       |     4 |       ||     4
  Throw: Throwing net      |     2 |     3 |       ||     5
         Javelin           |     1 |       |       ||     1
    Use: Scroll            |     7 |     1 |     3 ||    11
         Potion            |     1 |       |       ||     1
   Stab: Paralysed         |       |       |     2 ||     2
 Armour: Leather armour    |    14 |       |       ||    14
         Ring mail         |    34 |    11 |       ||    45
         Chain mail        |       |    15 |    56 ||    71
         Skin              |       |     1 |       ||     1
  Dodge: Dodged            |    55 |    15 |    27 ||    97
  Block: Other             |     6 |    12 |     3 ||    21

Table legend: (Time is in decaauts)
 A = Elapsed time spent in this place.
 B = Non-inter-level travel time spent in this place.
 C = Inter-level travel time spent in this place.
 D = Time resting spent in this place.
 E = Time spent auto-exploring this place.
 F = Levels seen in this place.
 G = Mean time per level.
                   A        B        C        D        E       F      G
               +--------+--------+--------+--------+--------+-----+--------+
         Total |   3343 |   3215 |    128 |     76 |   2609 |   6 |  557.2 |
       Dungeon |   3324 |   3205 |    119 |     76 |   2609 |   5 |  664.8 |
        Temple |     18 |     10 |      8 |      0 |      0 |   1 |   18.0 |
               +--------+--------+--------+--------+--------+-----+--------+

Top non-repeatable levels by time:
     D:3: 1130 daAuts
     D:4: 826 daAuts
     D:2: 813 daAuts
     D:1: 524 daAuts
     D:5: 29 daAuts
  Temple: 18 daAuts
